 Dungeon Crawl Stone Soup version 0.28.0-53-g5a82cb258f (webtiles) character file.

Game seed: 3743760428808749861

149 nickcage the Cudgeller (level 5, -2/41 HPs)
             Began as a Formicid Abyssal Knight on May 24, 2022.
             Was a Follower of Lugonu.
             Slain by an orc
             ... wielding a +0 club
              (4 damage)
             ... on level 4 of the Dungeon.
             The game lasted 00:04:04 (2472 turns).

nickcage the Cudgeller (Formicid Abyssal Knight)    Turns: 2472, Time: 00:04:05

Health: -2/41      AC:  9    Str: 19    XL:     5   Next: 56%
Magic:  6/6        EV:  7    Int: 10    God:    Lugonu [*.....]
Gold:   132        SH:  0    Dex: 11    Spells: 4/4 levels left

rFire   . . .      SeeInvis +   f - +2 morningstar
rCold   . . .      Faith    .   (no shield)
rNeg    . . .      Spirit   .   d - +0 chain mail
rPois   .          Reflect  .   (helmet unavailable)
rElec   .          Harm     .   (no cloak)
rCorr   .          Rampage  .   h - +0 pair of gloves
Will    .....                   (no boots)
Stlth   ..........              (no amulet)
HPRegen 0.13/turn               (no ring)
MPRegen 0.10/turn               (no ring)

@: no status effects
A: permanent stasis, dig shafts and tunnels, antennae 3, four strong arms
a: Dig, Shaft Self, Renounce Religion, Depart the Abyss


You were on level 4 of the Dungeon.
You worshipped Lugonu.
Lugonu was aware of your devotion.
You visited 1 branch of the dungeon, and saw 4 of its levels.
You visited the Abyss 1 time.

You collected 132 gold pieces.

Inventory:

Hand Weapons
 a - a +1 mace
 f - a +2 morningstar (weapon)
Armour
 b - a +0 leather armour
 d - a +0 chain mail (worn)
 h - a +0 pair of gloves (worn)
Potions
 c - 4 potions of attraction {unknown}
 e - 4 potions of curing {unknown}


   Skills:
 - Level 3.2 Fighting
 + Level 5.3 Maces & Flails
 - Level 2.1 Armour
 - Level 0.8 Dodging
 + Level 2.3 Invocations


You had 4 spell levels left.
You didn't know any spells.
Your spell library was empty.

Dungeon Overview and Level Annotations

Branches:
Dungeon (4/15)
 Temple: D:4-7

Altars:
Uskayaw

Annotations:
D:4 2 runed translucent doors


Innate Abilities, Weirdness & Mutations

You cannot be hasted, slowed, berserked, paralysed or teleported.
You can dig through walls and to a lower floor.
You have a pair of large antennae on your head. (SInv)
Your four strong arms can wield two-handed weapons with a shield.


Message History

You barely miss the orc. The orc barely misses you.
You closely miss the orc. The orc barely misses you.
You hit the orc.
The orc is heavily wounded.
The orc hits you with a +0 club. The orc hits you but does no damage.
The orc hits you with a +0 club.
You barely miss the orc.
The orc is heavily wounded.
The orc priest looks braver for a moment.
The orc barely misses you. x2
You barely miss the orc.
The orc is heavily wounded.
The orc hits you but does no damage. The orc closely misses you.
You hit the orc.
You kill the orc!
Lugonu accepts your kill. The orc hits you with a +0 club.
The orc priest calls down the wrath of Beogh upon you.
Beogh smites you!
You closely miss the orc. The orc hits you with a +0 club.
The orc hits you but does no damage. x2
You are too injured to fight recklessly!
You are too injured to fight recklessly!
You are too injured to fight recklessly!
You are too injured to fight recklessly!
You barely miss the orc. The orc hits you but does no damage.
The orc barely misses you.
The orc priest begins to cast a cantrip, but forgets the words!
The orc hits you but does no damage.
You hit the orc but do no damage. The orc hits you but does no damage. x2
You closely miss the orc. The orc hits you with a +0 club.
The orc hits you but does no damage.
You hit the orc but do no damage. The orc hits you with a +0 club.
The orc hits you but does no damage.
You hit the orc but do no damage.
The orc priest mumbles some strange prayers to Beogh against you.
Beogh smites you!
* * * LOW HITPOINT WARNING * * *
The orc hits you but does no damage. x2; The orc hits you with a +0 club.
You die...

...# .# #..##.## #......
#..... #.... ... #.o8 {
#.# #oo# ##### #.#
#@#..+.. #.# #.#..+ #
#.# #.#.## # #.##
#.8+8#{ # #..## ##....#
########...####.....###
..............'.........
######.#....###.........
# #.#..#.# ##.......#


You could see an orc priest and 2 orcs.

Vanquished Creatures
  Natasha (thrice) (D:3)
  An adder (D:2)
  A worm (D:3)
  A dart slug (D:2)
  3 orcs
  9 endoplasms
  2 giant cockroaches
  8 hobgoblins
  2 jackals (D:3)
  4 quokkas
  2 ball pythons (D:2)
  2 bats
  2 frilled lizards
  4 goblins
  3 kobolds
  4 rats
51 creatures vanquished.

Notes
Turn   | Place    | Note
-------+----------+-------------------------------------------
     0 | Abyss:1  | nickcage the Formicid Abyssal Knight began the quest for
                  | the Orb.
     0 | Abyss:1  | Reached XP level 1. HP: 18/18 MP: 2/2
     0 | D:1      | Escaped the Abyss
    64 | D:1      | Reached XP level 2. HP: 21/24 MP: 3/3
   192 | D:1      | Reached * piety under Lugonu
   216 | D:1      | Reached skill level 3 in Maces & Flails
   388 | D:1      | Reached XP level 3. HP: 29/29 MP: 4/4
  1182 | D:2      | Found a hide-covered altar of Uskayaw.
  1191 | D:2      | Found a faded altar of an unknown god.
  1197 | D:2      | Reached XP level 4. HP: 35/35 MP: 5/5
  1220 | D:2      | Reached skill level 4 in Maces & Flails
  1843 | D:3      | Noticed Natasha
  1851 | D:3      | Killed Natasha
  2088 | D:3      | Noticed Natasha
  2094 | D:3      | Killed Natasha
  2095 | D:3      | Reached XP level 5. HP: 33/41 MP: 6/6
  2270 | D:3      | Noticed Natasha
  2278 | D:3      | Killed Natasha
  2279 | D:3      | Reached skill level 5 in Maces & Flails
  2451 | D:4      | Found a large runed translucent door.
  2451 | D:4      | Found a large runed translucent door.
  2472 | D:4      | HP: 2/41 [orc priest/divine providence (12)]
  2472 | D:4      | Slain by an orc

Illustrated notes

Levels and vault maps discovered:
D:1:      onia_arrival_pentagram, layout_rooms
D:2:      layout_basic, basic_altar, ebering_ecumenical_altar_ruins
D:3:      layout_rooms, uniq_natasha
D:4:      layout_loops_corners, jmf_multi_god_temple2, uniq_ijyb, uniq_grinder,
          uniq_eustachio

Skill      XL: |  1  2  3  4  5 |
---------------+----------------+-----
Maces & Flails | 3 4 5 |  5.3
Fighting       | |  3.2
Armour         | |  2.1
Dodging        | |  0.8
Invocations    | |  2.3

Action                   |  1- 3 |  4- 6 || total
-------------------------+-------+-------++-------
Melee: Mace              |    89 |     5 ||    94
       Punch             |     1 |     1 ||     2
       Morningstar       |       |    45 ||    45
Invok: Depart the Abyss  |     1 |       ||     1
  Use: Scroll            |       |     5 ||     5
Armor: Leather armour    |     5 |       ||     5
       Chain mail        |    41 |    34 ||    75
Dodge: Dodged            |    41 |    22 ||    63
